 Dungeon Sprint DCSS version 0.29.1-15-g9cfb28693d (webtiles) character file.

Game seed: 4547199792235198165

7107 Groucho the Covert (level 10, 0/44 HPs)
             Began as a Spriggan Earth Elementalist on Apr 27, 2023.
             Was the Champion of Dithmenos.
             Succumbed to Arachne's poison
             ... in the Dungeon (Sprint VII: "The Pits").
             The game lasted 00:10:23 (4466 turns).

Groucho the Covert (Spriggan Earth Elementalist)    Turns: 4466, Time: 00:10:24

Health: 0/44       AC:  2    Str:  8    XL:     10   Next: 84%
Magic:  14/27      EV: 26    Int: 17    God:    Dithmenos [******]
Gold:   0          SH:  0    Dex: 16    Spells: 30/34 levels left

rFire   . . .      SeeInvis +   h - +2 dagger (venom)
rCold   . . .      Faith    .   (no shield)
rNeg    . . .      Spirit   .   a - +0 robe
rPois   .          Reflect  .   (helmet restricted)
rElec   .          Harm     .   (no cloak)
rCorr   .          Rampage  .   (gloves unavailable)
Will    +....      NoTele   +   (boots unavailable) Stlth *+++++++++
                                (no amulet)
HPRegen 0.14/turn               (no ring)
MPRegen 0.20/turn               (no ring)

@: lethally poisoned (0 -> -2), wreathed by umbra, very quick
A: very small, no large weapons, unfitting armour, see invisible, speed 3
a: Renounce Religion, Shadow Step, Shadow Form


You were in the Dungeon.
You worshipped Dithmenos.
Dithmenos was exalted by your worship.
You visited 1 branch

Inventory:

Hand Weapons
 h - a +2 dagger of venom (weapon)
 p - a +2 rapier of distortion
Missiles
 l - 10 stones
Armour
 a - a +0 robe (worn)
Jewellery
 m - a +3 ring of strength
 n - a +3 ring of protection
Scrolls
 g - a scroll of blinking
 j - 5 scrolls of amnesia
 k - a scroll of summoning
Potions
 b - 4 potions of magic
 c - 5 potions of curing
 d - 10 potions of heal wounds
 e - 3 potions of haste
 f - 3 potions of berserk rage
 i - 2 potions of invisibility
 o - 3 potions of mutation


   Skills:
 + Level 11.3 Short Blades
 + Level 13.8 Dodging
 - Level 14.0 Stealth
 + Level 12.6 Spellcasting
 + Level 7.4 Conjurations
 - Level 1.3 Transmutations
 + Level 10.1 Earth Magic
 + Level 10.5 Invocations


You had 30 spell levels left.
You knew the following spells:

 Your Spells              Type           Power      Damage    Failure   Level
a - Sandblast             Erth           90%        2d19      1%          1
b - Stone Arrow           Conj/Erth      80%        3d12      1%          3

Your spell library contained the following spells:

 Spells                   Type           Power      Damage    Failure   Level
 Passwall                 Tmut/Erth      25%        N/A       1%          2
 Petrify                  Tmut/Erth      30%        N/A       6%          4


Dungeon Overview and Level Annotations

Branches:
Dungeon (1/1)

Altars:
Ashenzari
Cheibriados
Dithmenos
Elyvilon
Fedhas
Gozag
Hepliaklqana
Kikubaaqudgha
Makhleb
Nemelex Xobeh
Okawaru
Qazlal
Ru
Sif Muna
Trog
Uskayaw
Vehumet
Wu Jian
Xom
Yredelemnul
Zin
The Shining One
Jiyva
Lugonu

Annotations:
D Arachne


Innate Abilities, Weirdness & Mutations

You are very small and have problems with some larger weapons.
You are too small for most types of armour.
You have supernaturally acute eyesight. (SInv)
You cover ground extremely quickly. (Speed+++)


Message History

r - Retreat! s - Stop attacking. g - Guard the area. f - Follow me.
Anything else - Cancel.
Okay, then.
Casting: Stone Arrow (safe; 1% risk of failure)
Confirm with . or Enter, or press ? or * to list all spells.
Aiming: Stone Arrow (safe; 1% risk of failure)
Press: ? - help, Shift-Dir - straight line, f - Arachne
Aim: Arachne, wielding a staff of poison (black smoke, spells empowered, umbra, 76% to hit)
The stone arrow hits Arachne!
Arachne is lightly wounded.
Arachne's staff shoots out a stream of webbing.
The stream of webbing misses you.
Unknown command.
Unknown command.
Casting: Stone Arrow (safe; 1% risk of failure)
Confirm with . or Enter, or press ? or * to list all spells.
Aiming: Stone Arrow (safe; 1% risk of failure)
Press: ? - help, Shift-Dir - straight line, f/p - Arachne
Aim: Arachne, wielding a staff of poison (black smoke, lightly wounded, spells empowered, umbra, 76% to hit)
The stone arrow hits Arachne!!
Arachne is lightly wounded.
Your shadow mimicks your spell!
The shadow shard hits Arachne!!
Arachne's staff shoots out a stream of webbing.
The stream of webbing hits you but does no damage.
You are caught in a web!
Unknown command.
Arachne points her staff at you, shooting a stream of webbing.
The stream of webbing hits you but does no damage.
You are caught in a web!
Arachne hits you with a staff of poison!
You emit a cloud of dark smoke.
Arachne envenoms you!!
Ouch! That really hurt!
* * * LOW HITPOINT WARNING * * *
You emit a cloud of dark smoke.
You are lethally poisoned!
Arachne points her staff at you, shooting a stream of webbing.
The stream of webbing misses you.
You die...

####''###### ..##''###########
########## ..##......'..'...##
...k.... D
..##......'..'.....##..Y4.. o.
..##.....##..##.....##....# .#
..##...###....###....#s...# ..
..##..##........###§###..# .#o#.
..##'(#...#..#..§#§o.D#..#.....e
####...).......§@§He§§'D)o......
####''#...#..#.§§#§§§.#e.#....§.
[[##..##.......§###.###..# .#.#.
[[##...###....###....#....# ..
))##.... ##..##.....##....# .#
.)###.....'..'.....##...... ..
))# ###...'..'...## ........ D
### ########## ##########


You could see Arachne (empowered).

Vanquished Creatures
  A rakshasa (D)
  A death yak (D)
  A flayed ghost (D)
  A bog body (D)
  A cyclops (D)
  A gargoyle (D)
  A demonic crawler (D)
  A freezing wraith (D)
  An efreet (D)
  A red devil (D)
  A hellwing (D)
  A polar bear (D)
  Prince Ribbit (D)
  A ynoxinul (D)
  4 dream sheep (D)
  A flying skull (D)
  A wraith (D)
  A basilisk (D)
  A redback (D)
  A floating eye (D)
  A water moccasin (D)
  An acid dragon (D)
  A black bear (D)
  An ogre (D)
  3 wolves (D)
  A phantom (D)
  A bullfrog (D)
  A kobold brigand (D)
  3 wights (D)
  A quasit (D)
  An orc priest (D)
  2 iron imps (D)
  An iguana (D)
  A gnoll (D)
  2 river rats (D)
  2 ufetubi (D)
  4 orcs (D)
  A bat (D)
  An endoplasm (D)
  A goblin (D)
  4 jackals (D)
  A quokka (D)
  A ball python (D)
  A frilled lizard (D)
  4 rats (D)
64 creatures vanquished.

Notes
Turn   | Place    | Note
-------+----------+-------------------------------------------
     0 | D        | Groucho the Spriggan Earth Elementalist began the quest for
                  | the Orb.
     0 | D        | Reached XP level 1. HP: 9/9 MP: 5/5
    36 | D        | Found a bloodstained altar of Trog.
    36 | D        | Found a shimmering blue altar of Sif Muna.
    36 | D        | Found a viscous altar of Jiyva.
    36 | D        | Found a hazy altar of Hepliaklqana.
    36 | D        | Found an opulent altar of Gozag.
    37 | D        | Found a glowing golden altar of the Shining One.
    37 | D        | Found a glowing silver altar of Zin.
    37 | D        | Found a basalt altar of Yredelemnul.
    37 | D        | Found a shimmering altar of Xom.
    37 | D        | Found an ornate altar of the Wu Jian Council.
    37 | D        | Found a sacrificial altar of Ru.
    37 | D        | Found a stormy altar of Qazlal.
    37 | D        | Found an iron altar of Okawaru.
    37 | D        | Found a sparkling altar of Nemelex Xobeh.
    37 | D        | Found a burning altar of Makhleb.
    37 | D        | Found a blossoming altar of Fedhas.
    37 | D        | Found a white marble altar of Elyvilon.
    37 | D        | Found a shadowy altar of Dithmenos.
    37 | D        | Found a snail-covered altar of Cheibriados.
    38 | D        | Found a radiant altar of Vehumet.
    38 | D        | Found a corrupted altar of Lugonu.
    39 | D        | Found an ancient bone altar of Kikubaaqudgha.
    39 | D        | Found a hide-covered altar of Uskayaw.
    39 | D        | Found a broken altar of Ashenzari.
    44 | D        | Became a worshipper of Dithmenos the Shadowed
    65 | D        | Reached skill level 1 in Short Blades
    65 | D        | Reached * piety under Dithmenos
    66 | D        | Reached skill level 4 in Stealth
    66 | D        | Reached XP level 2. HP: 12/13 MP: 4/7
   334 | D        | Noticed a floating eye
   336 | D        | Killed a floating eye
   337 | D        | Reached skill level 5 in Dodging
   337 | D        | Reached skill level 6 in Stealth
   337 | D        | Reached skill level 5 in Spellcasting
   337 | D        | Reached XP level 3. HP: 16/16 MP: 7/10
   337 | D        | Reached XP level 4. HP: 21/21 MP: 8/12
   345 | D        | Learned a level 3 spell: Stone Arrow
   347 | D        | Reached ** piety under Dithmenos
   388 | D        | Reached *** piety under Dithmenos
   738 | D        | Noticed a kobold brigand
   776 | D        | Reached skill level 7 in Stealth
   776 | D        | Reached skill level 1 in Conjurations
   776 | D        | Reached XP level 5. HP: 24/24 MP: 10/14
   791 | D        | Reached **** piety under Dithmenos
   792 | D        | Reached skill level 8 in Stealth
   792 | D        | Reached skill level 5 in Earth Magic
   897 | D        | Reached skill level 5 in Short Blades
   897 | D        | Reached XP level 6. HP: 28/28 MP: 12/16
  1070 | D        | Reached skill level 5 in Invocations
  1271 | D        | Reached ***** piety under Dithmenos
  1272 | D        | Reached skill level 9 in Stealth
  1308 | D        | Noticed a freezing wraith
  1310 | D        | Killed a freezing wraith
  1311 | D        | Reached skill level 10 in Stealth
  1311 | D        | Reached XP level 7. HP: 32/32 MP: 16/19
  1312 | D        | Noticed Prince Ribbit
  1325 | D        | Killed Prince Ribbit
  1326 | D        | Reached skill level 11 in Stealth
  1326 | D        | Reached XP level 8. HP: 36/36 MP: 3/21
  1726 | D        | Noticed a flayed ghost
  1730 | D        | Noticed a death yak
  1734 | D        | Killed a flayed ghost
  1735 | D        | Reached skill level 10 in Dodging
  1829 | D        | Killed a death yak
  1829 | D        | Reached ****** piety under Dithmenos
  1830 | D        | Reached skill level 12 in Stealth
  1830 | D        | Reached skill level 10 in Spellcasting
  1830 | D        | Reached skill level 5 in Conjurations
  1830 | D        | Reached XP level 9. HP: 20/39 MP: 0/24
  2228 | D        | Noticed a bog body
  2230 | D        | Killed a bog body
  2231 | D        | Reached skill level 13 in Stealth
  2283 | D        | Noticed a demonic crawler
  2397 | D        | Killed a demonic crawler
  2445 | D        | Noticed a polar bear
  2722 | D        | Killed a polar bear
  2723 | D        | Reached skill level 14 in Stealth
  2994 | D        | Reached XP level 10. HP: 44/44 MP: 16/26
  3366 | D        | Reached skill level 10 in Short Blades
  3690 | D        | Noticed a cyclops
  3720 | D        | Noticed a rakshasa
  3726 | D        | Killed a cyclops
  3727 | D        | Reached skill level 10 in Invocations
  3793 | D        | Noticed a gargoyle
  3796 | D        | Killed a gargoyle
  4167 | D        | Killed a rakshasa
  4168 | D        | Reached skill level 10 in Earth Magic
  4444 | D        | Noticed an elephant
  4446 | D        | Noticed a deep elf zephyrmancer
  4446 | D        | Noticed Arachne
  4456 | D        | HP: 1/44 [Arachne/poison arrow (43)]
  4465 | D        | HP: 1/44 [Arachne/staff of poison (22)]
  4466 | D        | Succumbed to Arachne's poison

Illustrated notes

Levels and vault maps discovered:
D:        pitsprint [storerooms_1, entrance_room_1, metal_vault_4, armoury_2,
          mini_pit_1, grid_room_1, main_hall_1, silver_pit, the_coven_1,
          the_vestibule_1, steel_vault_3, golden_pit, hallway_of_sentries,
          crystal_vault_2, iron_vault_1, final_vault]

Skill      XL: |  1  2  3  4  5  6  7  8  9 10 |
---------------+-------------------------------+-----
Dodging        | 3 5 6 7 9 10 12 13 | 13.8
Spellcasting   | 3 5 6 8 10 11 12 | 12.6
Short Blades   | 1 3 4 5 6 7 8 9 11 | 11.3
Earth Magic    | 3 4 5 6 7 8 9 10 | 10.1
Stealth        | 4 6 7 8 10 11 12 14 | 14.0
Invocations    | 3 4 6 8 9 10 | 10.5
Conjurations   | 1 2 3 4 5 6 7 |  7.4
Transmutations | |  1.3

Action                   |  1- 3 |  4- 6 |  7- 9 | 10-12 || total
-------------------------+-------+-------+-------+-------++-------
Melee: Dagger            |     3 |    10 |     3 |       ||    16
       Punch             |       |     1 |       |       ||     1
 Cast: Sandblast         |     3 |    36 |    39 |     8 ||    86
       Stone Arrow       |       |       |    25 |    33 ||    58
Invok: Shadow Step       |       |       |     1 |     1 ||     2
  Use: Potion            |       |       |       |     4 ||     4
 Stab: Sleeping          |     2 |     3 |     2 |       ||     7
Armor: Robe              |       |     3 |       |     1 ||     4
Dodge: Dodged            |     2 |    17 |    10 |    33 ||    62
